 Dungeon Crawl Stone Soup version 0.28-a0-1087-gf3fc490d9d (webtiles) character file.

Game seed: 4578047798948482776

93 siradein the Chiller (level 4, 0/24 HPs)
             Began as a Deep Elf Ice Elementalist on Dec 10, 2021.
             Killed from afar by an orc wizard (8 damage)
             ... with a puff of flame
             ... on level 3 of the Dungeon.
             The game lasted 00:06:33 (3185 turns).

siradein the Chiller (Deep Elf Ice Elementalist)    Turns: 3185, Time: 00:06:35

Health: 0/24       AC:  2    Str:  5    XL:     4   Next: 36%
Magic:  11/12      EV: 13    Int: 22    God:
Gold:   92         SH:  0    Dex: 15    Spells: 4/11 levels left

rFire   . . .      SeeInvis .   (no weapon)
rCold   . . .      Faith    .   (no shield)
rNeg    . . .      Spirit   .   a - +0 robe
rPois   .          Reflect  .   (no helmet)
rElec   .          Harm     .   (no cloak)
rCorr   .          Rampage  .   (no gloves)
Will    .....                   (no boots)
Stlth   ++........              h - amulet of magic regeneration
HPRegen 0.08/turn               (no ring)
MPRegen 0.53/turn               (no ring)

@: lethally poisoned (0 -> -8), freezing walls
A: no striking features
a: no special abilities


You were on level 3 of the Dungeon.
You visited 1 branch of the dungeon, and saw 3 of its levels.

You collected 92 gold pieces.

Inventory:

Armour
 a - a +0 robe (worn)
Jewellery
 h - an amulet of magic regeneration (around neck)
 l - an amulet of faith
Scrolls
 d - a scroll of noise {unknown}
 f - a scroll of holy word {unknown}
 i - a scroll of amnesia {unknown}
 j - a scroll of identify {unknown}
Potions
 b - a potion of curing
 c - a potion of cancellation {unknown}
 e - a potion of haste {unknown}
 g - a potion of attraction {unknown}
 k - 2 potions of heal wounds {unknown}


   Skills:
 + Level 3.6 Dodging
 - Level 3.2 Stealth
 + Level 4.2 Spellcasting
 + Level 5.0 Ice Magic


You had 4 spell levels left.
You knew the following spells:

 Your Spells              Type           Power      Damage    Failure   Level
a - Freeze                Ice            100%       1d11      1%          1
b - Frozen Ramparts       Ice            54%        1d7       4%          3
c - Ozocubu's Armour      Ice            27%        N/A       4%          3

Your spell library contained the following spells:

 Spells                   Type           Power      Damage    Failure   Level
 Ensorcelled Hibernation  Hex/Ice        30%        N/A       6%          2
 Gell's Gravitas          Tloc           4%         N/A       32%         3
 Spider Form              Tmut/Pois      4%         N/A       32%         3
 Teleport Other           Tloc           4%         N/A       32%         3
 Hailstorm                Conj/Ice       15%        3d5       36%         4
 Dispersal                Tloc           2%         N/A       100%        6


Dungeon Overview and Level Annotations

Branches:
Dungeon (3/15)

Altars:


Message History

The orc shouts!
The orc wizard shouts!
Found a scroll labelled MAYDUA ILOT.
An orc comes into view. It is wielding a +0 whip.
The orc shouts!
The orc wizard mumbles some strange words.
The orc wizard flickers and vanishes!
Deactivating autopickup; reactivate with Ctrl-A.
Something hits you.
You are poisoned.
Casting: Freeze (safe; 1% risk of failure)
Confirm with . or Enter, or press ? or * to list all spells.
The spell is quite dangerous to miscast (4% risk of failure)!
Continue anyway?
Casting: Frozen Ramparts (quite dangerous; 4% risk of failure)
Press: ? - help, Dir - look around, f - activate The walls around you are covered in ice.
You feel very sick.
The wall freezes the orc.
The wall freezes the orc!
You kill the orc!
The wall freezes something.
You hear some strange, mumbled words.
A magic dart appears from out of thin air!
The magic dart hits you!
Ouch! That really hurt!
* * * LOW HITPOINT WARNING * * *
* * * LOW HITPOINT WARNING * * *
You feel sick.
The wall freezes the orc.
You kill the orc!
The wall freezes something.
Something hits you.
* * * LOW HITPOINT WARNING * * *
You are more poisoned.
It was a potion of curing.
You feel better.
The wall freezes the orc.
The wall freezes something.
Something hits you.
You are lethally poisoned!
You feel sick.
The wall freezes the orc.
You kill the orc!
The wall freezes something.
You hear some strange, mumbled words.
A puff of flame appears from out of thin air!
The puff of flame hits you!
You die...

#........... #.....##.#
###...#####. #.........
#####..#####.##.###.####
###...................#
....###........#.######
########.#####.#)# ##
#...........#)# .#
#.#####.###.#{# .#
#.#####.###.#@# .#
#.##........#.### .#
#.......#####...### .#
#.......# #......# .#
#.......# #......# .#
#.......# #...)..# .#
#.......# #....#.# .#
#.......# #..###.# .#
#.>.....# #..###.#


There were no monsters in sight!

Vanquished Creatures
  2 adders (D:2)
  A worm (D:2)
  A dart slug (D:2)
  3 orcs (D:3)
  5 ball pythons
  9 endoplasms
  4 giant cockroaches
  6 goblins
  7 hobgoblins
  4 jackals (D:2)
  4 kobolds (D:1)
  2 quokkas
  4 bats
  2 frilled lizards (D:2)
  4 rats
58 creatures vanquished.

Notes
Turn   | Place    | Note
-------+----------+-------------------------------------------
     0 | D:1      | siradein the Deep Elf Ice Elementalist began the quest for
                  | the Orb.
     0 | D:1      | Reached XP level 1. HP: 10/10 MP: 6/6
   426 | D:1      | Reached XP level 2. HP: 15/15 MP: 6/8
  1058 | D:2      | Reached XP level 3. HP: 17/19 MP: 6/10
  1077 | D:1      | Learned a level 3 spell: Frozen Ramparts
  1081 | D:1      | Learned a level 3 spell: Ozocubu's Armour
  1678 | D:2      | Found a faded altar of an unknown god.
  2275 | D:2      | Reached skill level 5 in Ice Magic
  2275 | D:2      | Reached XP level 4. HP: 16/24 MP: 10/12
  3185 | D:3      | Killed from afar by an orc wizard

Illustrated notes

Levels and vault maps discovered:
D:1:      dpeg_arrival_arbitrary_b, layout_rooms, serial_bayou_lake_a
D:2:      layout_basic, shapermc_ecumenical_altar_starsandcircs
D:3:      layout_loops_cross, amcnicky_mini_pool_small

Skill      XL: |  1  2  3 |
---------------+----------+-----
Stealth        | 3 |  3.2
Dodging        | 3 |  3.6
Spellcasting   | 4 |  4.2
Ice Magic      | 5 |  5.0

Action                   |  1- 3 |  4- 6 || total
-------------------------+-------+-------++-------
Melee: Unarmed           |       |     1 ||     1
 Cast: Freeze            |    63 |    13 ||    76
       Frozen Ramparts   |     1 |     1 ||     2
  Use: Potion            |       |     1 ||     1
Armor: Robe              |     9 |     1 ||    10
Dodge: Dodged            |    29 |     3 ||    32

Table legend: (Time is in decaauts)
 A = Elapsed time spent in this place.
 B = Non-inter-level travel time spent in this place.
 C = Inter-level travel time spent in this place.
 D = Time resting spent in this place.
 E = Time spent auto-exploring this place.
 F = Levels seen in this place.
 G = Mean time per level.
                   A        B        C        D        E       F      G
               +--------+--------+--------+--------+--------+-----+--------+
         Total |   3220 |   3159 |     61 |      2 |   2748 |   3 | 1073.3 |
       Dungeon |   3220 |   3159 |     61 |      2 |   2748 |   3 | 1073.3 |
               +--------+--------+--------+--------+--------+-----+--------+

Top non-repeatable levels by time:
     D:2: 1651 daAuts
     D:1: 1086 daAuts
     D:3: 482 daAuts
